 Dungeon Crawl Stone Soup version 0.26-a0-547-g695e311 (webtiles) character file.

Game seed: 2016505444537094565

52 B1Gdaddy5 the Charlatan (level 3, -1/28 HPs)
             Began as a Minotaur Artificer on Aug 20, 2020.
             Succumbed to an adder's poison
             ... on level 4 of the Dungeon.
             The game lasted 00:15:18 (1746 turns).

B1Gdaddy5 the Charlatan (Minotaur Artificer)        Turns: 1746, Time: 00:15:19

Health: -1/28      AC:  3    Str: 17    XL:     3   Next: 60%
Magic:  2/2        EV: 11    Int:  8    God:
Gold:   66         SH:  0    Dex: 10    Spells: 2/2 levels left

rFire    . . .     SeeInvis +   g - +0 mace
rCold    . . .     Faith    .   (no shield)
rNeg     . . .     Spirit   .   b - +0 leather armour
rPois    .         Reflect  .   (helmet restricted)
rElec    .         Harm     .   (no cloak)
rCorr    .                      (no gloves)
MR       +....                  (no boots)
Stlth    +.........             (no amulet)
HPRegen  0.09/turn              n - ring of see invisible (curse)
MPRegen  0.08/turn              m - ring of protection from magic

@: lethally poisoned (-1 -> -12)
A: retaliatory headbutt, horns 2
a: no special abilities


You were on level 4 of the Dungeon.
You visited 1 branch of the dungeon, and saw 3 of its levels.

You collected 66 gold pieces.

Inventory:

Hand Weapons
 a - a +0 club
 g - a +0 mace (weapon)
Armour
 b - a +0 leather armour (worn)
Jewellery
 m - a ring of protection from magic (right hand)
 n - a cursed ring of see invisible (left hand)
Wands
 c - a wand of flame (11)
 d - a wand of enslavement (10)
 e - a wand of random effects (14)
Scrolls
 h - a scroll of blinking {unknown}
 i - a scroll of teleportation {unknown}
 j - a scroll of noise {unknown}
 l - a scroll of fear {unknown}
 o - a scroll of remove curse
Potions
 f - a potion of cancellation {unknown}
 k - 2 potions of haste {unknown}


   Skills:
 + Level 1.4 Fighting
 + Level 0.9 Maces & Flails
 + Level 2.7 Armour
 + Level 1.4 Dodging
 + Level 0.8 Stealth
 + Level 3.8 Evocations


You had 2 spell levels left.
You didn't know any spells.
Your spell library was empty.

Dungeon Overview and Level Annotations

Branches:
Dungeon (2/15)

Altars:

Annotations:
D:4 Menkaure


Innate Abilities, Weirdness & Mutations

You reflexively headbutt those who attack you in melee.
You have a pair of horns on your head.


Message History

The adder hisses angrily.
Found a leather armour and a scroll labeled SIETYNK XOSSIO.
Found two stone staircases leading down.
The adder bites you.
You barely miss the adder. The adder bites you.
You are poisoned.
The adder poisons you! The adder bites you.
You are more poisoned.
The adder poisons you!
You closely miss the adder.
You feel sick. The adder misses you.
Menkaure casts a spell.
Menkaure seems to speed up.
The adder bites you but does no damage.
You miss the adder. Your headbutt misses the adder.
You feel sick. The adder barely misses you.
You closely miss the adder. The adder bites you. x2
You are more poisoned.
The adder poisons you! Menkaure hits you!
* * * LOW HITPOINT WARNING * * *
You closely miss the adder. Your headbutt misses the adder.
You die...

#......# #......#
## #....>....
#......#.
###.......
.........###
...........#
.......@...#
.......SM.....>..
.................
.................
.................
.................
...?.......[.....
#..♣P.♣♣.........


You could see Menkaure (fast) and an adder.

Vanquished Creatures
  2 adders (D:2)
  An ooze (D:1)
  A dart slug (D:2)
  A leopard gecko (D:1)
  4 bats (D:1)
  A giant cockroach (D:1)
  4 hobgoblins
  2 frilled lizards (D:1)
  7 goblins
  2 kobolds
  A rat (D:1)
26 creatures vanquished.

Vanquished Creatures (collateral kills)
  2 goblins (D:2)
2 creatures vanquished.

Vanquished Creatures (others)
  A goblin (D:2)
1 creature vanquished.

Grand Total: 29 creatures vanquished

Notes
Turn   | Place    | Note
-------+----------+-------------------------------------------
     0 | D:1      | B1Gdaddy5 the Minotaur Artificer began the quest for the
                  | Orb.
     0 | D:1      | Reached XP level 1. HP: 16/16 MP: 0/0
    63 | D:1      | Reached skill level 3 in Evocations
   182 | D:1      | Reached XP level 2. HP: 20/23 MP: 1/1
  1101 | D:2      | Reached XP level 3. HP: 24/28 MP: 2/2
  1739 | D:2      | You fall into a shaft and drop 2 floors!
  1739 | D:4      | Noticed Menkaure
  1745 | D:4      | HP: 1/28 [Menkaure (12)]
  1746 | D:4      | Succumbed to an adder's poison

Illustrated notes

Levels and vault maps discovered:
D:1:      kilobyte_arrival_exit_the_forest, layout_basic
D:2:      layout_rooms, lemuel_round_altar, palyth_stone_intersect,
          minmay_goblin_outpost, uniq_robin
D:4:      layout_rooms, okawaru_ov_weapons_minmay, lemuel_crystal_altar,
          grunt_temple_overflow_growth_and_decay, portal_sewer_entry_e,
          serial_bayou_crossing, uniq_menkaure

Skill      XL: |  1 |
---------------+----+-----
Evocations     | 3 |  3.8
Fighting       | |  1.4
Maces & Flails | |  0.9
Armour         | |  2.7
Dodging        | |  1.4
Stealth        | |  0.8

Action                   || total
-------------------------++-------
Melee: Club              ||    46
       Headbutt          ||     3
       Mace              ||    18
Evoke: Wand              ||    10
  Use: Scroll            ||     1
Armor: Leather armour    ||    22
Dodge: Dodged            ||    55

Table legend: (Time is in decaauts)
 A = Elapsed time spent in this place.
 B = Non-inter-level travel time spent in this place.
 C = Inter-level travel time spent in this place.
 D = Time resting spent in this place.
 E = Time spent auto-exploring this place.
 F = Levels seen in this place.
 G = Mean time per level.
                   A        B        C        D        E       F      G
               +--------+--------+--------+--------+--------+-----+--------+
         Total |   1769 |   1734 |     35 |    289 |   1074 |   3 |  589.7 |
       Dungeon |   1769 |   1734 |     35 |    289 |   1074 |   3 |  589.7 |
               +--------+--------+--------+--------+--------+-----+--------+

Top non-repeatable levels by time:
     D:1: 1106 daAuts
     D:2: 654 daAuts
     D:4: 8 daAuts
